Map: 2000 Atmospheres LE

Players

TBone

  • Race: Zerg Zerg
  • League: Silver

evilPutty - Winner!

  • Race: Zerg Zerg
  • League: Silver

VOD

Have the link to the VOD?

Description

Time

  • Played on: Aug. 31, 2021, 11:22 p.m.
  • Length: 11:45
Show
View Real Time Build Order
Export as new Build Order

TBone Zerg 

Build Orders: Hatch First, Swarm Host 

Get SALT Encoding   

  12  0:01  Drone  
  13  0:12  Drone  
  14  0:19  Extractor  
  14  0:20  Extractor  
  14  0:21  Drone  
  13  0:22  Drone  
  13  0:28  Overlord  
  16  0:47  Drone x2  
  18  0:57  Drone  
  19  1:07  Hatchery  
  18  1:16  Spawning Pool  
  17  1:18  Drone  
  17  1:19  Drone  
  19  1:30  Drone  
  20  1:37  Extractor  
  19  1:40  Drone  
  21  1:54  Drone  
  21  2:06  Spine Crawler  
  20  2:08  Spine Crawler  
  20  2:11  Drone  
  20  2:12  Spine Crawler, Drone  
  20  2:23  Drone x2  
  22  2:30  Roach Warren  
  22  2:35  Drone x2  
  23  2:42  Queen x2  
  27  2:53  Extractor  
  27  2:58  Evolution Chamber  
  25  3:08  Spore Crawler  
  25  3:10  Spore Crawler  
  23  3:15  Drone x3  
  26  3:22  Roach  
  26  3:23  Overlord x2  
  28  3:36  Lair  
  28  3:53  Roach x2  
  28  3:54  Roach x2  
  36  4:02  Drone  
  37  4:03  Drone  
  38  4:32  Hatchery  
  37  4:41  Drone x6  
  43  4:52  Overlord x2  
  43  5:04  Drone  
  44  5:10  Drone x4  
  44  5:11  Drone  
  49  5:19  Zerg Ground Armor Level 1  
  49  5:40  Spore Crawler  
  48  5:47  Drone  
  48  5:48  Drone x5  
  54  5:52  Spore Crawler  
  54  5:53  Spore Crawler  
  52  5:58  Roach x3  
  52  6:00  Zergling x2  
  52  6:02  Zergling x2  
  52  6:03  Zergling x2  
  61  6:05  Zergling x2  
  61  6:07  Zergling x2  
  61  6:09  Zergling x2  
  64  6:37  Drone  
  64  6:38  Drone  
  66  6:42  Spine Crawler  
  66  6:44  Spine Crawler  
  66  6:46  Tunneling Claws  
  64  6:55  Spore Crawler  
  64  6:57  Spore Crawler  
  64  6:58  Spore Crawler  
  64  6:59  Drone  
  62  7:13  Zerg Melee Weapons Level 1  
  62  7:18  Hatchery  
  62  7:21  Roach  
  62  7:22  Roach  
  65  7:23  Overlord x4  
  65  7:24  Overlord  
  65  7:32  Infestation Pit  
  64  7:51  Roach  
  64  7:52  Spine Crawler, Roach x10  
  85  8:04  Zergling x4, Glial Reconstitution  
  86  8:29  Zergling x10, Roach x5  
  88  8:58  Swarm Host  
  88  8:59  Swarm Host x5  
  106  9:06  Drone  
  106  9:07  Zerg Ground Armor Level 2, Drone x2  
  109  9:21  Spine Crawler  
  108  9:33  Swarm Host  
  108  9:34  Overlord x2  
  108  9:35  Overlord, Zergling x2  
  109  10:24  Zergling x2  
  109  10:25  Zergling x40  
  119  10:39  Zergling x2  
  119  10:40  Zergling x10  
  106  10:53  Zergling x4  
Show
View Real Time Build Order
Export as new Build Order

evilPutty Zerg - Winner!

Build Orders: Hatch First 

Get SALT Encoding   

  12  0:00  Drone  
  13  0:15  Overlord  
  13  0:17  Drone  
  14  0:36  Drone x2  
  14  0:42  Drone  
  17  1:01  Hatchery  
  17  1:02  Drone  
  17  1:03  Drone  
  18  1:07  Extractor  
  17  1:15  Spawning Pool  
  16  1:22  Drone x2  
  19  1:32  Drone  
  19  1:45  Drone  
  20  2:00  Overlord  
  20  2:20  Metabolic Boost  
  20  2:22  Zergling x4  
  22  2:23  Zergling x2  
  22  2:27  Queen x2  
  22  2:28  Drone x2  
  29  2:38  Overlord  
  29  2:44  Drone  
  29  2:46  Drone  
  31  2:56  Drone  
  31  2:57  Hatchery, Drone  
  32  2:59  Overlord  
  32  3:11  Drone x2  
  34  3:15  Queen  
  34  3:18  Overlord  
  34  3:19  Drone  
  37  3:30  Drone x2  
  39  3:38  Baneling Nest  
  38  3:42  Drone x4  
  42  3:49  Drone  
  42  3:53  Drone  
  44  4:01  Drone  
  44  4:02  Drone  
  47  4:10  Drone  
  47  4:17  Drone  
  47  4:19  Evolution Chamber  
  47  4:21  Drone x6  
  53  4:24  Overlord  
  53  4:31  Extractor  
  52  4:33  Drone  
  53  4:39  Drone x5  
  58  4:47  Drone x2  
  58  4:48  Drone x2  
  62  4:54  Drone x3  
  62  4:59  Lair  
  65  5:00  Drone  
  65  5:01  Drone x2, Extractor  
  67  5:08  Extractor  
  67  5:11  Extractor  
  65  5:15  Drone x2  
  65  5:16  Drone  
  65  5:18  Drone x2  
  70  5:23  Hatchery, Overlord  
  70  5:24  Overlord  
  70  5:26  Zergling x10  
  74  5:36  Overlord x2  
  74  5:48  Zerg Melee Weapons Level 1  
  74  5:49  Evolution Chamber  
  73  5:53  Roach Warren  
  73  5:54  Drone  
  73  5:55  Drone  
  73  5:56  Overlord  
  74  5:57  Overlord, Centrifical Hooks  
  74  6:06  Drone  
  74  6:07  Drone x3  
  78  6:11  Drone x2  
  78  6:12  Drone x7  
  78  6:18  Overlord  
  87  6:19  Zerg Ground Armor Level 1  
  87  6:26  Zergling x10  
  87  6:27  Baneling x5  
  92  6:35  Drone  
  92  6:36  Extractor  
  92  6:47  Drone x3  
  92  6:48  Hatchery  
  92  6:50  Hydralisk Den  
  92  6:51  Drone x6  
  92  6:52  Drone  
  92  6:53  Extractor  
  99  6:55  Extractor  
  92  7:27  Roach x2  
  92  7:28  Roach x5  
  106  7:30  Overlord x2  
  106  7:31  Hydralisk x4  
  106  7:32  Hydralisk x4  
  122  7:42  Queen  
  122  7:43  Drone x2  
  122  7:44  Drone  
  127  7:50  Zerg Melee Weapons Level 2  
  127  7:56  Zergling x2  
  127  7:57  Zergling x8  
  131  8:24  Roach x15  
  155  8:44  Zergling x2  
  155  8:45  Zergling x8  
  155  8:47  Overlord x4  
  150  8:57  Roach x5  
  150  9:02  Overlord x2  
  158  9:03  Overlord x2  
  158  9:06  Roach  
  158  9:07  Roach x7  
  174  9:11  Zergling x6  
  177  9:24  Grooved Spines  
  177  9:34  Zergling x24  
  189  9:42  Hatchery  
  188  9:49  Infestation Pit  
  187  10:06  Zergling x26  
  200  10:21  Roach  
  200  10:22  Overlord x3  
  156  10:52  Hatchery  
  118  11:12  Hatchery  
  117  11:23  Spawning Pool  
  116  11:27  Hatchery  
Tags
 
Add a new tag
Caveats
  • Supply blocks, unpowered buildings, or Contaminate may cause inaccurate times.
  • Supply counts are checked every 10 seconds.